SAA
IRVING BLUE SOX @ BELVEDERE PARK RAWHIDES
08/19/2022
 
TOP OF THE 1ST
Irving Blue Sox batting - Pitching for Belvedere Park Rawhides : RHP Norm Burris
Pitching: RHP Norm Burris
Batting: LHB Kyle James 0-0: Called Strike
0-1: SINGLE (Groundball, 6MD)
Batting: RHB Alfredo Chávez 0-0: Swinging Strike
0-1: Ball
1-1: Swinging Strike
1-2: Fly out, F7 (Flyball, 78M)
Batting: RHB Stewart Ralston 0-0: Called Strike
0-1: Foul Ball, location: 2F
0-2: Ball
1-2: Ball
2-2: Fielders Choice at 2nd, 1-6 (Groundball, 23)
Batting: RHB Júlio López 0-0: Ball
1-0: Ball
2-0: Called Strike
2-1: Ground out 6-3 (Groundball, 6)
Top of the 1st over - 0 run(s), 1 hit(s), 0 error(s), 1 left on base; Irving 0 - Belvedere Park 0
BOTTOM OF THE 1ST
Belvedere Park Rawhides batting - Pitching for Irving Blue Sox : RHP Pat Hunt
Pitching: RHP Pat Hunt
Batting: RHB Pedro Jiménez 0-0: Called Strike
0-1: Swinging Strike
0-2: Ball
1-2: Ball
2-2: Foul Ball, location: 2F
2-2: Ball
3-2: Ground out 6-3 (Groundball, 6)
Batting: SHB Ron Bunch 0-0: Ball
1-0: SINGLE (Line Drive, 9LS)
Batting: LHB Christian Blair 0-0: Called Strike
0-1: Ball
Ron Bunch is caught stealing 2nd base
1-1: Ground out 4-3 (Groundball, 4)
Bottom of the 1st over - 0 run(s), 1 hit(s), 0 error(s), 0 left on base; Irving 0 - Belvedere Park 0
TOP OF THE 2ND
Irving Blue Sox batting - Pitching for Belvedere Park Rawhides : RHP Norm Burris
Batting: SHB Curt Finley 0-0: SINGLE (Groundball, 56)
Batting: RHB Dennis Newell 0-0: Ball
1-0: Foul Ball, location: 2F
1-1: Foul Ball, location: 2F
1-2: DOUBLE (Groundball, 3L)
Curt Finley to third
Batting: RHB Jim Unknown 0-0: Ball
1-0: Fly out, F8 (Flyball, 8LM)
Runner from 3rd tags up, SCORES, throw made
Batting: SHB Jack MacAsgill 0-0: Called Strike
0-1: Called Strike
0-2: Ball
1-2: Foul Ball, location: 2F
1-2: Foul Ball, location: 2F
1-2: Ball
2-2: Foul Ball, location: 2F
2-2: Fly out, F7 (Flyball, 7M)
Batting: RHB Coy Poston 0-0: Called Strike
0-1: Foul Ball, location: 2F
0-2: Foul Ball, location: 2F
0-2: Ball
1-2: Strikes out looking
Top of the 2nd over - 1 run(s), 2 hit(s), 0 error(s), 1 left on base; Irving 1 - Belvedere Park 0
BOTTOM OF THE 2ND
Belvedere Park Rawhides batting - Pitching for Irving Blue Sox : RHP Pat Hunt
Batting: RHB Carlos Vela 0-0: Called Strike
0-1: SOLO HOME RUN (Flyball, 78XD), Distance : 440 ft
Batting: RHB Bob Sargent 0-0: Foul Ball, location: 2F
0-1: Ball
1-1: Foul Ball, location: 2F
Reached via error on a dropped throw, E3
Batting: RHB Michael Taylor 0-0: Called Strike
0-1: Foul Ball, location: 2F
0-2: Fly out, F9 (Flyball, 89M)
Batting: SHB Ryan Cook 0-0: Ball
Bob Sargent is caught stealing 2nd base
1-0: Ball
2-0: Ball
3-0: Called Strike
3-1: Foul Ball, location: 2F
3-2: Foul Ball, location: 2F
3-2: Ground out 1-3 (Groundball, 15S)
Bottom of the 2nd over - 1 run(s), 1 hit(s), 1 error(s), 0 left on base; Irving 1 - Belvedere Park 1
TOP OF THE 3RD
Irving Blue Sox batting - Pitching for Belvedere Park Rawhides : RHP Norm Burris
Batting: LHB Kyle James 0-0: Called Strike
0-1: DOUBLE (Line Drive, 7LS)
Batting: RHB Alfredo Chávez 0-0: Fly out, F7 (Flyball, 78M)
Batting: RHB Stewart Ralston 0-0: Called Strike
0-1: Ball
1-1: Foul Ball, location: 2F
1-2: Ball
2-2: Foul Ball, location: 2F
2-2: Foul Ball, location: 2F
2-2: Ball
3-2: Base on Balls
Batting: RHB Júlio López 0-0: Ball
1-0: Called Strike
1-1: Ball
2-1: Foul Ball, location: 2F
2-2: Ground out 5-3 (Groundball, 56S)
Kyle James to third
Stewart Ralston to second
Batting: SHB Curt Finley 0-0: Ball
1-0: Ball
2-0: Swinging Strike
Passed Ball!
Kyle James scores
Stewart Ralston to third
2-1: Fly out, F9 (Line Drive, 89M)
Top of the 3rd over - 1 run(s), 1 hit(s), 0 error(s), 1 left on base; Irving 2 - Belvedere Park 1
BOTTOM OF THE 3RD
Belvedere Park Rawhides batting - Pitching for Irving Blue Sox : RHP Pat Hunt
Batting: LHB Dinis Marcha 0-0: Called Strike
0-1: Foul Ball, location: 2F
0-2: Strikes out swinging
Batting: SHB Javier Valle 0-0: Ball
1-0: Ball
2-0: Called Strike
2-1: Ground out 6-3 (Groundball, 6M)
Batting: RHB Pedro Jiménez 0-0: Called Strike
0-1: Ball
1-1: Foul Ball, location: 2F
1-2: Ball
2-2: Fly out, F8 (Flyball, 8RXD)
Bottom of the 3rd over - 0 run(s), 0 hit(s), 0 error(s), 0 left on base; Irving 2 - Belvedere Park 1
TOP OF THE 4TH
Irving Blue Sox batting - Pitching for Belvedere Park Rawhides : RHP Norm Burris
Batting: RHB Dennis Newell 0-0: Ball
1-0: Swinging Strike
1-1: Ball
2-1: Foul Ball, location: 2F
2-2: Ball
3-2: SINGLE (Line Drive, 89M)
Batting: RHB Jim Unknown 0-0: Fly out, F9 (Line Drive, 9M)
Batting: SHB Jack MacAsgill 0-0: Foul Ball, location: 2F
0-1: Called Strike
0-2: Foul Ball, location: 2F
0-2: Fly out, F4 (Popup, 4D)
Batting: RHB Coy Poston 0-0: Ball
1-0: Swinging Strike
1-1: Ball
2-1: Fly out, F8 (Flyball, 8LS)
Top of the 4th over - 0 run(s), 1 hit(s), 0 error(s), 1 left on base; Irving 2 - Belvedere Park 1
BOTTOM OF THE 4TH
Belvedere Park Rawhides batting - Pitching for Irving Blue Sox : RHP Pat Hunt
Batting: SHB Ron Bunch 0-0: Ball
1-0: Ground out 1-3 (Groundball, 15)
Batting: LHB Christian Blair 0-0: Foul Ball, location: 2F
0-1: Foul Ball, location: 2F
0-2: Strikes out swinging
Batting: RHB Carlos Vela 0-0: Called Strike
0-1: Ball
1-1: Ground out 6-3 (Groundball, 6M)
Bottom of the 4th over - 0 run(s), 0 hit(s), 0 error(s), 0 left on base; Irving 2 - Belvedere Park 1
TOP OF THE 5TH
Irving Blue Sox batting - Pitching for Belvedere Park Rawhides : RHP Norm Burris
Batting: LHB Kyle James 0-0: Called Strike
0-1: Swinging Strike
0-2: Ball
1-2: DOUBLE (Line Drive, 7M)
Batting: RHB Alfredo Chávez 0-0: Ball
1-0: Ball
2-0: Ball
3-0: Base on Balls
Batting: RHB Stewart Ralston 0-0: Ball
1-0: Ball
2-0: Grounds into double play, 6-4-3 (Groundball, 6)
Kyle James to third
Batting: RHB Júlio López 0-0: Ball
1-0: Foul Ball, location: 2F
1-1: Ball
2-1: Foul Ball, location: 2F
2-2: SINGLE (Line Drive, 8LS)
Kyle James scores
Batting: SHB Curt Finley 0-0: Ball
1-0: Swinging Strike
1-1: Ball
2-1: Foul Ball, location: 2F
2-2: Foul Ball, location: 2F
2-2: Ball
3-2: Foul Ball, location: 2F
3-2: DOUBLE (Line Drive, 5D)
Júlio López to third
Júlio López scores
Batting: RHB Dennis Newell 0-0: Ball
1-0: Ball
2-0: SINGLE (Groundball, 3L) (infield hit)
Curt Finley to third
Pitching: RHP Timothy Jackson
Batting: RHB Jim Unknown 0-0: Ball
1-0: Called Strike
1-1: Swinging Strike
1-2: Ball
2-2: Foul Ball, location: 2F
2-2: Strikes out swinging
Top of the 5th over - 2 run(s), 4 hit(s), 0 error(s), 2 left on base; Irving 4 - Belvedere Park 1
BOTTOM OF THE 5TH
Belvedere Park Rawhides batting - Pitching for Irving Blue Sox : RHP Pat Hunt
Batting: RHB Bob Sargent 0-0: Called Strike
0-1: Called Strike
0-2: Strikes out swinging
Batting: RHB Michael Taylor 0-0: Ball
1-0: Swinging Strike
1-1: Swinging Strike
1-2: Foul Ball, location: 2F
1-2: Foul Ball, location: 2F
1-2: Foul Ball, location: 2F
1-2: Strikes out swinging
Batting: SHB Ryan Cook 0-0: Foul Ball, location: 2F
0-1: Ball
1-1: Ball
2-1: Swinging Strike
2-2: Fly out, F8 (Flyball, 8RM)
Bottom of the 5th over - 0 run(s), 0 hit(s), 0 error(s), 0 left on base; Irving 4 - Belvedere Park 1
TOP OF THE 6TH
Irving Blue Sox batting - Pitching for Belvedere Park Rawhides : RHP Timothy Jackson
Batting: SHB Jack MacAsgill 0-0: Called Strike
0-1: Ground out 4-3 (Groundball, 4)
Batting: RHB Coy Poston 0-0: Swinging Strike
0-1: Foul Ball, location: 2F
0-2: Foul Ball, location: 2F
0-2: Foul Ball, location: 2F
0-2: Ball
1-2: Foul Ball, location: 2F
1-2: Ball
2-2: Strikes out looking
Batting: LHB Kyle James 0-0: Called Strike
0-1: Ground out 5-3 (Groundball, 56)
Top of the 6th over - 0 run(s), 0 hit(s), 0 error(s), 0 left on base; Irving 4 - Belvedere Park 1
BOTTOM OF THE 6TH
Belvedere Park Rawhides batting - Pitching for Irving Blue Sox : RHP Pat Hunt
Batting: LHB Dinis Marcha 0-0: Swinging Strike
0-1: Fly out, F8 (Flyball, 8RM)
Batting: SHB Javier Valle 0-0: Ball
1-0: Called Strike
1-1: Foul Ball, location: 2F
1-2: Ball
2-2: SINGLE (Line Drive, 3D)
Pitching: LHP John Hamilton
Batting: RHB Pedro Jiménez 0-0: Swinging Strike
0-1: Ball
1-1: Called Strike
1-2: Ball
2-2: Ball
3-2: Foul Ball, location: 2F
3-2: Fly out, F8 (Flyball, 89M)
3-2: Fly out, F8 (Flyball, 89M)
Batting: SHB Ron Bunch 0-0: Foul Ball, location: 2F
0-1: Called Strike
0-2: Ball
1-2: Fly out, F8 (Flyball, 8LM)
Bottom of the 6th over - 0 run(s), 1 hit(s), 0 error(s), 1 left on base; Irving 4 - Belvedere Park 1
TOP OF THE 7TH
Irving Blue Sox batting - Pitching for Belvedere Park Rawhides : RHP Timothy Jackson
Batting: RHB Alfredo Chávez 0-0: Ball
1-0: Ball
2-0: Called Strike
2-1: Foul Ball, location: 2F
2-2: Foul Ball, location: 2F
2-2: Ground out 5-3 (Groundball, 5)
Batting: RHB Stewart Ralston 0-0: Ground out 5-3 (Groundball, 5L)
Batting: RHB Júlio López 0-0: SINGLE (Groundball, 6MD)
Batting: SHB Curt Finley 0-0: Ball
1-0: Fly out, F4 (Line Drive, 4)
Top of the 7th over - 0 run(s), 1 hit(s), 0 error(s), 1 left on base; Irving 4 - Belvedere Park 1
BOTTOM OF THE 7TH
Belvedere Park Rawhides batting - Pitching for Irving Blue Sox : LHP John Hamilton
Batting: LHB Christian Blair 0-0: Called Strike
0-1: Ground out 6-3 (Groundball, 6)
Batting: RHB Carlos Vela 0-0: Ball
1-0: Called Strike
1-1: Foul Ball, location: 2F
1-2: Ball
2-2: Strikes out looking
Batting: RHB Bob Sargent 0-0: Called Strike
0-1: Foul Ball, location: 2F
0-2: Strikes out swinging
Bottom of the 7th over - 0 run(s), 0 hit(s), 0 error(s), 0 left on base; Irving 4 - Belvedere Park 1
TOP OF THE 8TH
Irving Blue Sox batting - Pitching for Belvedere Park Rawhides : RHP Timothy Jackson
Batting: RHB Dennis Newell 0-0: Called Strike
0-1: Ball
1-1: SINGLE (Flyball, 78S) - OUT at second base trying to stretch hit.
Batting: RHB Jim Unknown 0-0: Called Strike
0-1: Ball
1-1: Swinging Strike
1-2: Ball
2-2: Ground out 4-3 (Groundball, 34)
Batting: SHB Jack MacAsgill 0-0: Ball
1-0: Foul Ball, location: 2F
1-1: Ground out 3-1 (Groundball, 34S)
Top of the 8th over - 0 run(s), 1 hit(s), 0 error(s), 0 left on base; Irving 4 - Belvedere Park 1
BOTTOM OF THE 8TH
Belvedere Park Rawhides batting - Pitching for Irving Blue Sox : LHP John Hamilton
Batting: RHB Michael Taylor 0-0: Foul Ball, location: 2F
0-1: Called Strike
0-2: Ball
1-2: Ball
2-2: Foul Ball, location: 2F
2-2: Ground out 5-3 (Groundball, 56)
Batting: SHB Ryan Cook 0-0: Foul Ball, location: 2F
0-1: Ball
1-1: Ball
2-1: Called Strike
2-2: Strikes out swinging
Batting: LHB Dinis Marcha 0-0: SINGLE (Line Drive, 89M)
Batting: SHB Javier Valle 0-0: Ball
1-0: Foul Ball, location: 2F
1-1: Swinging Strike
1-2: Strikes out swinging
Bottom of the 8th over - 0 run(s), 1 hit(s), 0 error(s), 1 left on base; Irving 4 - Belvedere Park 1
TOP OF THE 9TH
Irving Blue Sox batting - Pitching for Belvedere Park Rawhides : RHP Timothy Jackson
Batting: RHB Coy Poston 0-0: Ball
1-0: Called Strike
1-1: Ball
2-1: Foul Ball, location: 2F
2-2: Ball
3-2: SINGLE (Line Drive, 9S)
Batting: LHB Kyle James 0-0: Ball
1-0: Sac Bunt - play at first, batter OUT! 1-3
Coy Poston to second
Batting: RHB Alfredo Chávez 0-0: SINGLE (Groundball, 56D)
Coy Poston to third
Runner from 3rd tries for Home, SAFE, no throw or cutoff
Batting: RHB Stewart Ralston 0-0: Ball
1-0: Ball
2-0: Ball
3-0: Called Strike
3-1: Foul Ball, location: 2F
3-2: Reached on error, E5 (Groundball, 5)
Alfredo Chávez to second
Pitching: RHP Francisco Barrera
Batting: RHB Júlio López 0-0: Foul Ball, location: 2F
0-1: Foul Ball, location: 2F
0-2: Ball
Wild Pitch!
Alfredo Chávez to third
Stewart Ralston to second
1-2: Strikes out swinging
Batting: SHB Curt Finley 0-0: Foul Ball, location: 2F
0-1: Ball
1-1: Ground out 6-3 (Groundball, 6)
Top of the 9th over - 1 run(s), 2 hit(s), 1 error(s), 2 left on base; Irving 5 - Belvedere Park 1
BOTTOM OF THE 9TH
Belvedere Park Rawhides batting - Pitching for Irving Blue Sox : LHP John Hamilton
Batting: RHB Pedro Jiménez 0-0: Called Strike
0-1: Foul Ball, location: 2F
0-2: Ball
1-2: Ground out 6-3 (Groundball, 6M)
Batting: SHB Ron Bunch 0-0: Ball
1-0: Ball
2-0: Fly out, F8 (Flyball, 8LS)
Batting: LHB Christian Blair 0-0: Called Strike
0-1: Called Strike
0-2: Ball
1-2: Ball
2-2: Foul Ball, location: 2F
2-2: Ball
3-2: Base on Balls
Pitching: RHP Monty Whitney
Batting: RHB Carlos Vela 0-0: Called Strike
0-1: Foul Ball, location: 2F
0-2: Reached on error, E1 (Groundball, 25)
Christian Blair to second
Pitching: RHP Jim Meyer
Batting: RHB Bob Sargent 0-0: Ball
1-0: Called Strike
1-1: Ball
2-1: Foul Ball, location: 2F
2-2: Foul Ball, location: 2F
2-2: Fly out, F7 (Flyball, 7M)
Bottom of the 9th over - 0 run(s), 0 hit(s), 1 error(s), 2 left on base; Irving 5 - Belvedere Park 1
This league is powered by Out of the Park Baseball, the baseball management simulation game for PC, Mac and Linux
Friday, April 15th, 2016 - OOTP Baseball 16.9 Build 39